 Dungeon Crawl Stone Soup version 0.28-a0-863-g8cecda6153 (webtiles) character file.

Game seed: 9310554298302206184

161 wakim the Chucker (level 5, -9/52 HPs)
             Began as a Troll Hunter on Nov 17, 2021.
             Killed by divine providence
             ... invoked by an orc priest
              (12 damage)
             ... on level 3 of the Dungeon.
             The game lasted 00:05:54 (1673 turns).

wakim the Chucker (Troll Hunter)                    Turns: 1673, Time: 00:05:55

Health: -9/52      AC:  4    Str: 20    XL:     5   Next: 18%
Magic:  4/4        EV: 10    Int:  7    God:
Gold:   88         SH:  0    Dex: 11    Spells: 4/4 levels left

rFire   . . .      SeeInvis .   a - +0 short sword
rCold   . . .      Faith    .   (no shield)
rNeg    . . .      Spirit   .   b - +0 robe
rPois   .          Reflect  .   (helmet restricted)
rElec   .          Harm     .   (no cloak)
rCorr   .          Rampage  .   (gloves unavailable)
Will    .....                   (boots unavailable)
Stlth   +.........              (no amulet)
HPRegen 1.17/turn               (no ring)
MPRegen 0.09/turn               (no ring)

@: no status effects
A: large, unfitting armour, claws 3, regeneration 1, shaggy fur 1, tough skin 1
a: no special abilities


You were on level 3 of the Dungeon.
You visited 1 branch of the dungeon, and saw 3 of its levels.

You collected 88 gold pieces.

Inventory:

Hand Weapons
 a - a +0 short sword (weapon)
Missiles
 c - 5 large rocks {=f}
 d - 2 throwing nets {=f!f}
 i - 17 poisoned darts
 s - 71 stones (quivered)
Armour
 b - a +0 robe (worn)
Scrolls
 f - 2 scrolls of identify {unknown}
 g - a scroll of enchant weapon {unknown}
 h - a scroll of acquirement {unknown}
 k - 2 scrolls of fog {unknown}
 l - a scroll of teleportation {unknown}
Potions
 e - a potion of brilliance {unknown}
 j - a potion of haste {unknown}


   Skills:
 * Level 2.8 Fighting
 + Level 4.1 Throwing
 + Level 2.2 Dodging
 - Level 0.3 Stealth
 * Level 2.6 Unarmed Combat


You had 4 spell levels left.
You didn't know any spells.
Your spell library was empty.

Dungeon Overview and Level Annotations

Branches:
Dungeon (3/15)

Altars:

Annotations:
D:3 Natasha, Terence


Innate Abilities, Weirdness & Mutations

You are too large for most types of armour.
You have claws for hands.
Your natural rate of healing is unusually fast.
You are covered in fur. (AC +1)
You have tough skin. (AC +1)


Message History

Some rock shatters into small pieces.
The orc priest begins to cast a cantrip, but forgets the words!
The frilled lizard closely misses you.
Terence says, "Don't bother to defend, it's useless."
The quokka barely misses you.
Natasha, Servant of Life and Death comes into view.
Natasha hisses angrily.
Natasha howls an incantation.
You feel disoriented. Natasha casts a spell at you. The magic dart hits you.
* * * LOW HITPOINT WARNING * * *
You hear a zap.
You hear a grinding noise.
Natasha mewls in sadness.
The quokka bites you.
* * * LOW HITPOINT WARNING * * *
Natasha barely misses you. Natasha misses you.
You see here a +0 flail.
Natasha barely misses you.
Natasha stares at you and mumbles some strange words.
The magic dart hits you!
* * * LOW HITPOINT WARNING * * *
Natasha claws you.
* * * LOW HITPOINT WARNING * * *
The orc priest mumbles some strange prayers to Beogh against you.
Beogh smites you!
* * * LOW HITPOINT WARNING * * *
The orc throws a boomerang.
The boomerang closely misses you.
The orc throws a boomerang.
The boomerang barely misses you.
Unknown command.
The quokka barely misses you.
Unknown command.
The orc priest looks braver for a moment.
The orc priest calls down the wrath of Beogh upon you.
Beogh smites you!
* * * LOW HITPOINT WARNING * * *
The orc priest calls down the wrath of Beogh upon you.
Beogh smites you!
You die...

....#.###..)....#.#
#(#.#..........##l#)##.
#.#...#.###.#@.........
#............o###.#.##.
......[.o............
#.#.....o...#.......
#...........####.#..
##.r..l.........#.#
####@h.....#.######.#
#................#
#########รท##.....#
#...###<##.....#
#.....##.....#
#...######.....# ##
######


You could see Terence, 2 orc priests, Natasha, an orc, a quokka and a frilled
lizard.

Vanquished Creatures
  A water moccasin skeleton (D:3)
  A howler monkey zombie (D:3)
  4 gnolls
  An adder (D:2)
  A worm (D:2)
  2 dart slugs
  2 orcs (D:3)
  5 ball pythons
  5 bats
  2 endoplasms (D:1)
  A giant cockroach (D:1)
  2 goblins
  7 hobgoblins
  4 jackals (D:3)
  A kobold (D:1)
  2 quokkas (D:1)
  3 frilled lizards
  5 rats
49 creatures vanquished.

Notes
Turn   | Place    | Note
-------+----------+-------------------------------------------
     0 | D:1      | wakim the Troll Hunter began the quest for the Orb.
     0 | D:1      | Reached XP level 1. HP: 19/19 MP: 0/0
   230 | D:1      | Reached skill level 1 in Unarmed Combat
   230 | D:1      | Reached XP level 2. HP: 28/28 MP: 1/1
   370 | D:1      | Found a faded altar of an unknown god.
   422 | D:1      | Reached XP level 3. HP: 35/35 MP: 2/2
  1413 | D:3      | Reached XP level 4. HP: 37/44 MP: 3/3
  1480 | D:3      | Reached skill level 4 in Throwing
  1525 | D:3      | Reached XP level 5. HP: 38/52 MP: 4/4
  1614 | D:3      | Noticed Terence
  1652 | D:3      | Noticed Natasha
  1672 | D:3      | HP: 2/52 [orc priest/divine providence (15)]
  1673 | D:3      | Killed from afar by an orc priest

Illustrated notes

Levels and vault maps discovered:
D:1:      lightli_arrival_boilingwater, layout_loops_ring,
          shapermc_ecumenical_altar_mp_urbaneastern
D:2:      layout_loops_ring
D:3:      layout_loops_cross, cheibrodos_gnoll_hut, uniq_natasha, uniq_terence,
          uniq_grinder

Skill      XL: |  1  2  3  4 |
---------------+-------------+-----
Unarmed Combat | 1 2 |  2.6
Fighting       | 2 |  2.8
Dodging        | 2 |  2.2
Throwing       | 4 |  4.1
Stealth        | |  0.3

Action                   |  1- 3 |  4- 6 || total
-------------------------+-------+-------++-------
Melee: Short sword       |   127 |    78 ||   205
Throw: Stone             |    26 |     9 ||    35
 Stab: Sleeping          |     1 |       ||     1
Armor: Robe              |    36 |    23 ||    59
Dodge: Dodged            |    71 |    49 ||   120

Table legend: (Time is in decaauts)
 A = Elapsed time spent in this place.
 B = Non-inter-level travel time spent in this place.
 C = Inter-level travel time spent in this place.
 D = Time resting spent in this place.
 E = Time spent auto-exploring this place.
 F = Levels seen in this place.
 G = Mean time per level.
                   A        B        C        D        E       F      G
               +--------+--------+--------+--------+--------+-----+--------+
         Total |   1693 |   1664 |     29 |      0 |   1200 |   3 |  564.3 |
       Dungeon |   1693 |   1664 |     29 |      0 |   1200 |   3 |  564.3 |
               +--------+--------+--------+--------+--------+-----+--------+

Top non-repeatable levels by time:
     D:2: 713 daAuts
     D:1: 677 daAuts
     D:3: 302 daAuts
